 Dungeon Crawl Stone Soup version 0.23.2 (webtiles) character file.

Game seed: 9188416638588428211

110 myga the Skirmisher (level 4, -2/41 HPs)
             Began as a Hill Orc Abyssal Knight on Apr 5, 2019.
             Was a Believer of Lugonu.
             Slain by a gnoll
             ... wielding a +0 spear
              (6 damage)
             ... on level 2 of the Dungeon.
             The game lasted 00:11:13 (1689 turns).

myga the Skirmisher (Hill Orc Abyssal Knight)       Turns: 1689, Time: 00:11:14

Health: -2/41      AC:  6    Str: 19    XL:     4   Next: 91%
Magic:  5/5        EV: 11    Int: 12    God:    Lugonu [**....]
Gold:   144        SH:  0    Dex: 11    Spells: 3/3 levels left

rFire    . . .     SeeInvis +   i - +0 great sword
rCold    . . .     Gourm    .   (shield currently unavailable)
rNeg     . . .     Faith    .   b - +0 ring mail
rPois    .         Spirit   .   (no helmet)
rElec    .         Reflect  .   (no cloak)
rCorr    +         Harm     .   (no gloves)
MR       .....                  f - +0 pair of boots
Stlth    +.........             (no amulet)
HPRegen  0.13/turn              d - ring of resist corrosion
MPRegen  0.09/turn              n - ring of see invisible

@: mighty
A: no striking features
a: Depart the Abyss, Bend Space, Renounce Religion


You were on level 2 of the Dungeon.
You worshipped Lugonu.
Lugonu was pleased with you.
You were not hungry.

You visited 1 branch of the dungeon, and saw 2 of its levels.
You visited the Abyss 1 time.

You collected 144 gold pieces.

Inventory:

Hand Weapons
 i - a +0 great sword (weapon)
Armour
 b - a +0 ring mail (worn)
 f - a +0 pair of boots (worn)
 m - a +2 robe of magic resistance
Jewellery
 d - a ring of resist corrosion (left hand)
 n - a ring of see invisible (right hand)
Scrolls
 e - 2 scrolls of teleportation {unknown}
 g - 2 scrolls of amnesia
 h - 3 scrolls of remove curse {unknown}
 k - 2 scrolls of random uselessness {unknown}
Potions
 j - a potion of might
 l - a potion of mutation
Comestibles
 a - 2 chunks of flesh
 c - 5 rations


   Skills:
 + Level 4.7 Fighting
 + Level 4.1 Long Blades
 + Level 2.3 Armour
 + Level 1.3 Dodging
 + Level 0.2 Stealth
 + Level 2.6 Invocations


You had 3 spell levels left.
You didn't know any spells.
Your spell library was empty.

Dungeon Overview and Level Annotations

Branches:
Dungeon (2/15)

Altars:


Message History

You barely miss the gnoll.
You feel sick.
The gnoll hits you with a cursed -2 flail!
* * * LOW HITPOINT WARNING * * *
The gnoll hits you from afar with a +0 spear.
* * * LOW HITPOINT WARNING * * *
It was a potion of might.
You feel very mighty all of a sudden.
You closely miss the gnoll.
You feel sick.
You are no longer poisoned.
The gnoll closely misses you.
You closely miss the gnoll. The gnoll hits you with a +0 club.
* * * LOW HITPOINT WARNING * * *
The gnoll barely misses you.
Okay, then.
You slice the gnoll!!
You kill the gnoll!
Lugonu accepts your kill.
You barely miss the gnoll. The gnoll barely misses you.
The gnoll hits you from afar with a +0 spear.
You die...

######### ##### #.......# ....# #
######### #.......# ....#
####.......####.......#####....##
.(.÷.......+....@gg....)..†......
.###.......###.############....##
.# #.............# ##### .#
#)......♣.....#
.###(.....♣≈♣....#
..######.≈≈≈P♣...# ..##
#.♣≈≈≈≈...# ...# #♣♣P≈≈♣...# ###
##.# ≈P≈≈≈...# #..


You could see 2 gnolls.

Vanquished Creatures
  A gnoll (D:2)
  5 adders (D:2)
  2 worms (D:2)
  3 dart slugs
  2 giant cockroaches
  7 goblins
  4 hobgoblins
  8 kobolds
  6 bats
  5 frilled lizards
  5 rats
48 creatures vanquished.

Vanquished Creatures (others)
  A starspawn tentacle (Abyss:2)
1 creature vanquished.

Grand Total: 49 creatures vanquished

Notes
Turn   | Place    | Note
-------+----------+-------------------------------------------
     0 | Abyss:1  | myga the Hill Orc Abyssal Knight began the quest for the
                  | Orb.
     0 | Abyss:1  | Reached XP level 1. HP: 19/19 MP: 2/2
   102 | Abyss:2  | Noticed a tentacled starspawn
   107 | D:1      | Escaped the Abyss
   301 | D:1      | Reached * piety under Lugonu
   301 | D:1      | Reached XP level 2. HP: 23/27 MP: 3/3
   724 | D:1      | Reached XP level 3. HP: 32/33 MP: 4/4
  1012 | D:2      | Reached skill level 1 in Dodging
  1079 | D:2      | Reached XP level 4. HP: 19/41 MP: 5/5
  1638 | D:2      | Reached ** piety under Lugonu
  1689 | D:2      | Slain by a gnoll

Skill      XL: |  1  2  3  4 |
---------------+-------------+-----
Fighting       | 4 |  4.7
Long Blades    | 3 4 |  4.1
Dodging        | 1 |  1.3
Armour         | |  2.3
Stealth        | |  0.2
Invocations    | |  2.6

Action                   |  1- 3 |  4- 6 || total
-------------------------+-------+-------++-------
Melee: Great sword       |   100 |    67 ||   167
Invok: Depart the Abyss  |     1 |       ||     1
  Use: Scroll            |     2 |       ||     2
       Potion            |       |     1 ||     1
 Stab: Sleeping          |     1 |     1 ||     2
  Eat: Chunk             |     1 |     2 ||     3
Armor: Robe              |    48 |     9 ||    57
       Leather armour    |     4 |       ||     4
       Ring mail         |       |    11 ||    11
Dodge: Dodged            |    83 |    49 ||   132
       Rpst.: Great sword |    29 |    14 ||    43
